 Dungeon Crawl Stone Soup version 0.23-a0-416-g33f1def (webtiles) character file.

74 Letos the Skirmisher (level 4, -3/37 HPs)
             Began as a Formicid Fighter on Nov 10, 2018.
             Killed from afar by Natasha (10 damage)
             ... with a magic dart
             ... on level 2 of the Dungeon.
             The game lasted 00:01:22 (1153 turns).

Letos the Skirmisher (Formicid Fighter)             Turns: 1153, Time: 00:01:22

Health: -3/37      AC:  6    Str: 21    XL:     4   Next: 54%
Magic:  4/4        EV:  9    Int:  8    God:
Gold:   88         SH:  0    Dex: 10    Spells: 3/3 levels left

rFire    . . .     SeeInvis +   a - +0 long sword
rCold    . . .     Gourm    .   (no shield)
rNeg     . . .     Faith    .   b - +0 scale mail
rPois    .         Spirit   .   (helmet unavailable)
rElec    .         Reflect  .   (no cloak)
rCorr    .         Harm     .   (no gloves)
MR       .....                  (no boots)
Stlth    ..........             (no amulet)
HPRegen  0.12/turn              (no ring)
MPRegen  0.09/turn              (no ring)

@: no status effects
A: permanent stasis, dig shafts and tunnels, four strong arms, antennae 3
a: Dig, Shaft Self


You were on level 2 of the Dungeon.
You were not hungry.

You visited 1 branch of the dungeon, and saw 2 of its levels.

You collected 88 gold pieces.

Inventory:

Hand Weapons
 a - a +0 long sword (weapon)
Armour
 b - a +0 scale mail (worn)
 c - a +0 shield
Scrolls
 e - a scroll of immolation {unknown}
 g - 2 scrolls of identify
 h - a scroll of amnesia
 j - a scroll of random uselessness {unknown}
 k - a scroll of enchant weapon {unknown}
 l - a scroll of remove curse
Potions
 d - 3 potions of might
 i - 2 potions of flight
 m - a potion of mutation {unknown}
 n - a potion of curing {unknown}
 o - a potion of heal wounds {unknown}
Comestibles
 f - 3 rations


   Skills:
 + Level 4.1 Fighting
 * Level 3.7 Long Blades
 - Level 3.2 Armour
 - Level 3.6 Shields


You had 3 spell levels left.
You didn't know any spells.
Your spell library was empty.

Dungeon Overview and Level Annotations

Branches:
Dungeon (2/15)

Altars:

Annotations:
D:2 Natasha


Innate Abilities, Weirdness & Mutations

You cannot be hasted, slowed, berserked, paralysed or teleported.
You can dig through walls and to a lower floor.
Your four strong arms can wield two-handed weapons with a shield.
You have a pair of large antennae on your head. (SInv)


Message History

Natasha claws you but does no damage.
You miss Natasha.
Natasha is lightly wounded.
Natasha claws you but does no damage.
You miss Natasha.
Natasha is lightly wounded.
Natasha casts a spell.
Natasha casts a spell at you. The magic dart hits you!
You miss Natasha.
Natasha is lightly wounded.
Natasha claws you.
* * * LOW HITPOINT WARNING * * *
You hit Natasha but do no damage. Natasha misses you.
Unknown command.
You hit Natasha.
Natasha is moderately wounded.
The shadow imp splashes around in the water.
Natasha casts a spell at you. The magic dart hits you!
You die...

#< ..# # ####.#..###
###### .........##
#..... #....≈≈≈..#
#.#### #.#.≈≈≈≈≈.#
#.#..# ..$≈≈≈≈≈.#
#.#..# #.≈≈≈≈≈.# #.#...
#h5≈≈≈≈.# #.#..# #
#@..≈≈..# #.#...
##..#..!...######.#..#
......†.!....... #..#
##..###..##.#######...
.....................#
####..##..##.##########
## #..##.# #
#..##.###### #
#..##......#####


You could see Natasha and a shadow imp.

Vanquished Creatures
  Natasha (twice) (D:2)
  An adder (D:2)
  A leopard gecko (D:1)
  A giant cockroach (D:1)
  A goblin (D:1)
  3 hobgoblins
  A kobold (D:1)
  3 bats
  4 frilled lizards
17 creatures vanquished.

Notes
Turn   | Place    | Note
-------+----------+-------------------------------------------
     0 | D:1      | Letos the Formicid Fighter began the quest for the Orb.
     0 | D:1      | Reached XP level 1. HP: 18/18 MP: 1/1
   411 | D:1      | Reached XP level 2. HP: 24/24 MP: 2/2
   735 | D:2      | Noticed Natasha
   744 | D:2      | Killed Natasha
   744 | D:2      | Reached XP level 3. HP: 20/30 MP: 3/3
   892 | D:2      | Reached skill level 4 in Fighting
   895 | D:2      | Reached XP level 4. HP: 37/37 MP: 4/4
  1091 | D:2      | Noticed Natasha
  1097 | D:2      | Killed Natasha
  1139 | D:2      | Noticed Natasha
  1153 | D:2      | Killed from afar by Natasha

Vault maps used:
D:1:      shiori_arrival_elements
D:2:      okawaru_gym_becter, minmay_lizard_pond, uniq_natasha

Skill      XL: |  1  2  3 |
---------------+----------+-----
Long Blades    | 3 |  3.7
Fighting       | 4 |  4.1
Armour         | |  3.2
Shields        | |  3.6

Action                   |  1- 3 |  4- 6 || total
-------------------------+-------+-------++-------
Melee: Long sword        |    38 |    22 ||    60
  Use: Scroll            |       |     3 ||     3
  Eat: Chunk             |       |     1 ||     1
Armor: Scale mail        |    21 |    13 ||    34
Dodge: Dodged            |    20 |     7 ||    27
       Rpst.: Long sword |     4 |     4 ||     8

Table legend:
 A = Non-vault XP
 B = Vault XP
 C = Vault XP percentage of total XP
 D = Non-vault monster count
 E = Vault monster count
 F = Vault count percentage of total count
                 A         B        C        D         E       F
            +---------+---------+-------+---------+---------+-------
      Total |      69 |      38 |  35.5 |      14 |       3 |  17.6
            +---------+---------+-------+---------+---------+-------
        D:1 |      15 |       0 |   0.0 |       8 |       0 |   0.0
        D:2 |      54 |      38 |  41.3 |       6 |       3 |  33.3
            +---------+---------+-------+---------+---------+-------
